 Dungeon Crawl Stone Soup version 0.19-a0-1886-gd64a0f0 (webtiles) character file.

177 Psiweapon the Slasher (level 5, -4/42 HPs)
             Began as a Minotaur Gladiator on Oct 16, 2016.
             Killed from afar by an orc wizard (8 damage)
             ... with a magic dart
             ... on level 4 of the Dungeon.
             The game lasted 00:06:24 (3007 turns).

Psiweapon the Slasher (Minotaur Gladiator)          Turns: 3007, Time: 00:06:24

Health: -4/42      AC:  3    Str: 20    XL:     5   Next: 31%
Magic:  4/4        EV: 18    Int: 10    God:
Gold:   161        SH:  0    Dex: 16    Spells: 0 memorised, 4 levels left

rFire  . . .     SeeInvis .     a - +0 long sword
rCold  . . .     Gourm    .     k - +0 leather armour
rNeg   . . .     Faith    .     (no shield)
rPois  .         Spirit   .     c - +0 hat
rElec  .         Dismiss  .     (no cloak)
rCorr  .         Reflect  .     (no gloves)
MR     .....     Harm     .     (no boots)
Stlth  ++........               (no amulet)
                                (no ring)
                                w - +5 ring of intelligence

@: confused, agile
A: retaliatory headbutt, horns 2
a: no special abilities


You were on level 4 of the Dungeon.
You were not hungry.

You visited 1 branch of the dungeon, and saw 4 of its levels.

You collected 161 gold pieces.

Inventory:

Hand Weapons
 a - a +0 long sword (weapon)
 b - a +0 hunting sling of freezing
Missiles
 d - 3 throwing nets (quivered)
 e - 10 bolts
 l - 82 stones
Armour
 c - a +0 hat (worn)
 k - a +0 leather armour (worn)
 t - a +0 pair of boots
Jewellery
 w - a +5 ring of intelligence (left hand)
Wands
 y - a wand of flame (10/48)
Scrolls
 g - a scroll of blinking {unknown}
 h - 4 scrolls of remove curse {unknown}
 j - a scroll of fear {unknown}
 n - a scroll of magic mapping {unknown}
 o - 3 scrolls of identify {unknown}
 p - 2 scrolls of fog {unknown}
 r - a scroll of teleportation {unknown}
 u - a scroll of random uselessness {unknown}
Potions
 i - a potion of agility
 m - a potion of cancellation
 v - a potion of cure mutation {unknown}
 x - a potion of brilliance {unknown}
 B - a potion of flight {unknown}
Comestibles
 f - 3 bread rations
 q - 2 beef jerkies
 s - a meat ration
 z - 2 fruits


   Skills:
 - Level 2.4 Fighting
 + Level 7.3 Long Blades
 - Level 2.0 Throwing
 - Level 3.2 Dodging


You had 4 spell levels left.
You didn't know any spells.

Dungeon Overview and Level Annotations

Branches:
Dungeon (4/15)
 Temple: D:4-7

Altars:
Fedhas
Nemelex Xobeh

Annotations:
D:3 exclusion: downstairs


Innate Abilities, Weirdness & Mutations

You reflexively headbutt those who attack you in melee.
You have a pair of horns on your head.


Message History

You hear some strange, mumbled words.
You are confused.
The orc wizard hits you with a dagger.
* * * LOW HITPOINT WARNING * * *
Something hits you but does no damage.
You closely miss the orc wizard.
The orc wizard is almost dead.
Something hits you.
* * * LOW HITPOINT WARNING * * *
The orc wizard hits you but does no damage.
You barely miss the orc wizard.
The orc wizard is almost dead.
Something hits you but does no damage. The orc wizard hits you with a dagger.
* * * LOW HITPOINT WARNING * * *
It was a potion of agility.
You feel agile all of a sudden. Something barely misses you.
The orc wizard gestures at you while chanting.
The magic dart hits you!
You die...

#######
######...(.############
#....#o{...#...........
#....'@....#...........
#....#.....#...........
#....#.....#...........
#....#.....#...........
#....#.....#...........
#....#.....#...........
######.....###'####'###
#####.......#.....
#..o....#.....


You could see an orc wizard.

Vanquished Creatures
  A howler monkey (D:4)
  A worker ant (D:4)
  Robin (D:3)
  2 adders
  3 worms
  2 dart slugs (D:1)
  A leopard gecko (D:2)
  An orc (D:4)
  A ball python (D:2)
  2 giant cockroaches (D:1)
  10 goblins
  12 hobgoblins
  4 jackals (D:1)
  4 kobolds
  2 quokkas (D:2)
  13 bats
  A frilled lizard (D:2)
  10 rats
71 creatures vanquished.

Notes
Turn   | Place    | Note
-------+----------+-------------------------------------------
     0 | D:1      | Psiweapon the Minotaur Gladiator began the quest for the Orb.
     0 | D:1      | Reached XP level 1. HP: 18/18 MP: 0/0
   132 | D:1      | Reached skill level 4 in Long Blades
   181 | D:2      | Reached XP level 2. HP: 19/25 MP: 1/1
   379 | D:1      | Reached skill level 5 in Long Blades
   416 | D:1      | Reached XP level 3. HP: 28/30 MP: 2/2
  1452 | D:3      | Found a sparkling altar of Nemelex Xobeh.
  1668 | D:2      | Reached XP level 4. HP: 37/37 MP: 3/3
  1838 | D:3      | Noticed Robin
  1843 | D:2      | Reached skill level 6 in Long Blades
  2101 | D:3      | Killed Robin
  2403 | D:3      | Found a blossoming altar of Fedhas.
  2920 | D:4      | Reached skill level 7 in Long Blades
  2920 | D:4      | Reached XP level 5. HP: 42/42 MP: 4/4
  3007 | D:4      | Killed from afar by an orc wizard

Vault maps used:
D:1:      dpeg_arrival_tiny_j
D:2:      first_bread
D:3:      marbit_many_paths, nemelex_xobeh_ov_fountains_minmay, uniq_robin
D:4:      old_standard_altar, serial_shops, nicolae_shop_waterfront,
          minmay_goblin_kobold_house, uniq_edmund

Skill      XL: |  1  2  3  4 |
---------------+-------------+-----
Long Blades    | 4 5 7 |  7.3
Fighting       | |  2.4
Throwing       | |  2.0
Dodging        | |  3.2

Action                   |  1- 3 |  4- 6 || total
-------------------------+-------+-------++-------
Melee: Long sword        |    78 |    47 ||   125
       Headbutt          |    16 |     8 ||    24
 Fire: Hunting sling     |    22 |    12 ||    34
  Use: Potion            |       |     2 ||     2
  Eat: Chunk             |     2 |     5 ||     7
Armor: Leather armour    |    30 |    19 ||    49
Dodge: Dodged            |    75 |    39 ||   114
       Rpst.: Long sword |    17 |     6 ||    23
